 Dungeon Crawl Stone Soup version 0.29-a0-529-gfa20dd96a1 (webtiles) character file.

Game seed: 4671438866356776180

6820 nrs142 the Grappler (level 10, -7/100 HPs)
             Began as a Troll Berserker on June 1, 2022.
             Was a High Priest of Trog.
             Mangled by Erolcha
             ... wielding a +0 giant club
              (17 damage)
             ... on level 8 of the Dungeon.
             The game lasted 00:27:52 (8098 turns).

nrs142 the Grappler (Troll Berserker)               Turns: 8098, Time: 00:27:52

Health: -7/100     AC:  7    Str: 29    XL:     10   Next: 77%
Magic:  1/9        EV: 11    Int:  5    God:    Trog [*****.]
Gold:   678        SH:  9    Dex: 15    Spells: 9/9 levels left

rFire   . . .      SeeInvis .     - Unarmed
rCold   . . .      Faith    .   y - +0 kite shield
rNeg    . . .      Spirit   .   B - +2 steam dragon scales
rPois   .          Reflect  .   k - +2 hat
rElec   .          Harm     .   (no cloak)
rCorr   +          Rampage  .   (gloves unavailable)
Will    .....                   (boots unavailable)
Stlth   ++........              p - amulet of regeneration
HPRegen 1.86/turn               o - +6 ring of dexterity
MPRegen 0.11/turn               u - ring of resist corrosion

@: corroded
A: large, unfitting armour, claws 3, regeneration 1, shaggy fur 1, tough skin 1
a: Renounce Religion, Berserk, Trog's Hand, Brothers in Arms


You were on level 8 of the Dungeon.
You worshipped Trog.
Trog was extremely pleased with you.
You visited 1 branch of the dungeon, and saw 9 of its levels.
You visited the Abyss 1 time.
You also visited: Sewer.

You collected 678 gold pieces.

Inventory:

Hand Weapons
 a - a +4 war axe of freezing
 j - a +2 demon whip of venom
Missiles
 h - a curare-tipped dart
 m - 65 poisoned darts (quivered)
 n - a throwing net
Armour
 k - a +2 hat (worn)
 y - a +0 kite shield (worn)
 B - +2 steam dragon scales (worn)
Jewellery
 c - a ring of ice
 o - a +6 ring of dexterity (left claw)
 p - an amulet of regeneration (around neck)
 r - a ring of ice
 u - a ring of resist corrosion (right claw)
Wands
 g - a wand of polymorph (8)
 t - a wand of iceblast (12)
 w - a wand of acid (15)
 A - a wand of mindburst (9)
Scrolls
 e - a scroll of fog
 f - 6 scrolls of identify
 i - 5 scrolls of teleportation
 q - 4 scrolls of vulnerability
Potions
 b - 3 potions of invisibility
 l - 6 potions of flight
 v - 3 potions of resistance {unknown}


   Skills:
 + Level 6.4 Fighting
 + Level 4.5 Axes
 - Level 5.4 Dodging
 - Level 2.1 Stealth
 + Level 5.0 Shields
 + Level 11.0 Unarmed Combat


You had 9 spell levels left.
You didn't know any spells.
Your spell library was empty.

Dungeon Overview and Level Annotations

Branches:
Dungeon (9/15)             Temple (0/1) D:7            Lair (0/6) D:8
    Orc (0/2) D:9           Sewer (visited)

Altars:
Dithmenos
Elyvilon
Fedhas
Kikubaaqudgha
Makhleb
Okawaru
Vehumet
Xom
Zin

Annotations:
D:9 Erolcha


Innate Abilities, Weirdness & Mutations

You are too large for most types of armour.
You have claws for hands.
Your natural rate of healing is unusually fast.
You are covered in fur. (AC +1)
You have tough skin. (AC +1)


Message History

The flying skull hits you but does no damage.
You claw the flying skull!
You destroy the flying skull!
That felt strangely unrewarding.
Something hits you!!
The substance of the Abyss twists violently, and a gateway leading out appears!
There is a gateway leading out of the Abyss here.
Something hits you!
* * * LOW HITPOINT WARNING * * *
You pass through the gate.
Welcome back to the Dungeon!
Level annotation: Erolcha Reactivating autopickup.
Press: ? - help, v - describe, . - travel
Here: Erolcha, wielding a +0 giant club, wearing a +0 robe and carrying a wand of acid (4) (moderately wounded)
A stone staircase leading up.
As you read the scroll of fog, it crumbles to dust.
The scroll dissolves into smoke.
Something hits you!
* * * LOW HITPOINT WARNING * * *
Deactivating autopickup; reactivate with Ctrl-A.
Blink to where?
Press: ? - help, Dir - move target
Found 18 stones.
As you read the scroll of blinking, it crumbles to dust.
Erolcha zaps a wand.
The bolt of acid misses you.
Erolcha gestures wildly while chanting.
Erolcha flickers and vanishes!
There is a stone staircase leading up here.
You hear a zap.
A bolt of acid appears from out of thin air!
The bolt of acid hits you! You resist.
* * * LOW HITPOINT WARNING * * *
The acid corrodes you!
You climb upwards.
Reactivating autopickup.
There is a stone staircase leading down here.
Something hits you.
* * * LOW HITPOINT WARNING * * *
Deactivating autopickup; reactivate with Ctrl-A.
Something hits you!
You die...

#........##...##..##..♣.#
##........#..###.##.♣..####
###...........#.##..P.##..
#......##.....#♣..####♣.
##...........#).........
##......##..............
###..##......#............
###...###....#####........<.
#....## ###@.>...#.......#.#
#....# #...[.#.........#.#
#....#####.#.......#...###.#
#....))....######..###.###.#
#....#.[.### #.......##..
#....#.#.## ##....#.##..
#....#.#..# #....#.#...
######.##.### #....#.#...
#.##...## #..........


There were no monsters in sight!

Vanquished Creatures
  A two-headed ogre (D:8)
  Amaemon (D:8)
  An apocalypse crab (Abyss:2)
  2 orange demons
  Maggie (D:7)
  An ice devil (Abyss:2)
  Grinder (D:3)
  A hornet (D:8)
  4 flying skulls (Abyss:2)
  2 wyverns
  A vampire (Abyss:2)
  A ynoxinul (Abyss:2)
  A wraith (Abyss:2)
  A neqoxec (Abyss:2)
  A yak (D:8)
  2 steam dragons (D:8)
  Menkaure (D:5)
  2 water moccasins
  An acid dragon (D:9)
  A black bear (D:8)
  A sky beast (D:7)
  6 orc warriors
  An ice beast (D:7)
  2 ogres (D:6)
  2 centaurs (D:5)
  2 phantoms
  5 kobold brigands
  2 bullfrogs
  A necrophage (D:5)
  4 scorpions
  3 wights (D:7)
  3 killer bees (D:9)
  2 howler monkeys
  A crimson imp (D:6)
  7 hounds
  A jelly (D:6)
  5 orc priests
  A gnoll shaman (D:4)
  3 iguanas
  5 orc wizards
  A small abomination (Abyss:2)
  3 river rats (Sewer)
  7 adders
  5 gnolls (D:4)
  A shadow imp (D:6)
  2 ufetubi
  A worm (D:2)
  5 dart slugs
  29 orcs
  2 endoplasms
  4 giant cockroaches
  10 goblins
  9 hobgoblins
  5 jackals
  10 quokkas
  15 ball pythons
  12 bats
  7 frilled lizards
  39 kobolds
  5 rats
256 creatures vanquished.

Vanquished Creatures (collateral kills)
  2 bullfrogs (D:8)
  An orc (D:8)
3 creatures vanquished.

Vanquished Creatures (others)
  12 fungi (D:8)
  83 plants (D:8)
95 creatures vanquished.

Grand Total: 354 creatures vanquished

Notes
Turn   | Place    | Note
-------+----------+-------------------------------------------
     0 | D:1      | nrs142 the Troll Berserker began the quest for the Orb.
     0 | D:1      | Reached XP level 1. HP: 22/22 MP: 0/0
   149 | D:1      | Reached XP level 2. HP: 29/29 MP: 1/1
   692 | D:2      | Reached XP level 3. HP: 36/36 MP: 2/2
   696 | D:2      | Reached ** piety under Trog
   910 | D:2      | Reached skill level 4 in Unarmed Combat
  1148 | D:3      | Noticed Grinder
  1162 | D:3      | Paralysed by Grinder for 3 turns
  1165 | D:3      | Killed Grinder
  1166 | D:3      | Reached skill level 5 in Unarmed Combat
  1166 | D:3      | Reached XP level 4. HP: 17/45 MP: 3/3
  1166 | D:3      | Reached XP level 5. HP: 20/53 MP: 4/4
  1368 | D:3      | Reached XP level 6. HP: 61/61 MP: 5/5
  1511 | D:3      | Found a glowing drain.
  1517 | Sewer    | Entered a sewer
  1757 | Sewer    | Reached *** piety under Trog
  2882 | D:4      | Found a radiant altar of Vehumet.
  2986 | D:4      | HP: 3/61 [quokka (2)]
  3099 | D:4      | Reached skill level 6 in Unarmed Combat
  3164 | D:4      | Reached XP level 7. HP: 56/67 MP: 6/6
  3898 | D:5      | Entered Level 5 of the Dungeon
  3956 | D:5      | Noticed Menkaure
  3961 | D:5      | Killed Menkaure
  3993 | D:5      | Reached skill level 1 in Stealth
  4004 | D:5      | Reached skill level 7 in Unarmed Combat
  4010 | D:5      | Reached **** piety under Trog
  4047 | D:5      | Reached XP level 8. HP: 78/78 MP: 7/7
  4307 | D:5      | Found an ancient bone altar of Kikubaaqudgha.
  4533 | D:5      | Found a shadowy altar of Dithmenos.
  4541 | D:5      | Reached skill level 8 in Unarmed Combat
  4951 | D:6      | Reached skill level 5 in Dodging
  5116 | D:6      | Reached skill level 9 in Unarmed Combat
  5281 | D:6      | Found a shimmering altar of Xom.
  5282 | D:6      | Found a burning altar of Makhleb.
  5353 | D:6      | Reached XP level 9. HP: 84/84 MP: 8/8
  5440 | D:6      | Found a glowing silver altar of Zin.
  5632 | D:7      | Found an iron altar of Okawaru.
  5724 | D:7      | Found a staircase to the Ecumenical Temple.
  5781 | D:7      | Reached skill level 1 in Shields
  5886 | D:7      | Found a white marble altar of Elyvilon.
  5952 | D:7      | Reached skill level 1 in Axes
  6132 | D:7      | Noticed Maggie
  6141 | D:7      | Killed Maggie
  6141 | D:7      | Reached ***** piety under Trog
  6280 | D:8      | Reached skill level 10 in Unarmed Combat
  6286 | D:8      | Reached skill level 5 in Fighting
  6435 | D:8      | Noticed a two-headed ogre
  6444 | D:8      | Killed a two-headed ogre
  6445 | D:8      | Reached XP level 10. HP: 70/96 MP: 9/9
  6654 | D:8      | Received a gift from Trog
  6799 | D:8      | Found a blossoming altar of Fedhas.
  7036 | D:8      | Found a staircase to the Lair.
  7399 | D:9      | Found a staircase to the Orcish Mines.
  7641 | D:9      | Noticed an orange demon
  7642 | D:9      | Noticed Amaemon
  7708 | D:8      | Killed Amaemon
  7733 | D:9      | Killed an orange demon
  7734 | D:9      | Reached skill level 11 in Unarmed Combat
  7812 | D:9      | Reached skill level 5 in Shields
  7900 | D:9      | Noticed Erolcha
  7913 | D:9      | Cast into level 2 of the Abyss (Erolcha)
  7989 | Abyss:2  | Noticed an apocalypse crab
  8000 | Abyss:2  | Killed an apocalypse crab
  8016 | Abyss:2  | Noticed an orange demon
  8024 | Abyss:2  | Killed an orange demon
  8089 | D:9      | Escaped the Abyss
  8098 | D:8      | Mangled by Erolcha

Illustrated notes

Levels and vault maps discovered:
D:1:      minmay_arrival_open_corners, layout_loops_ring
D:2:      layout_basic, hangedman_feature_mirror, kennysheep_another_room,
          st_stairs_9
D:3:      layout_basic, gup_sewer_entry_bowl, grunt_ministairs_11, uniq_grinder
D:4:      layout_cave_pods, lemuel_crystal_altar
D:5:      layout_basic, grunt_dithmenos_shadows,
          mainiacjoe_overflow_concentric_impassable, dk_noncrumbling_3,
          ebering_dispersal_statue_hall, grunt_ministairs_4,
          minmay_manual_mares, uniq_menkaure
D:6:      layout_rooms, grunt_temple_overflow_champion_of_chaos,
          zin_scriptorium, minmay_misc_feat_five, hangedman_decor_riveting
D:7:      layout_loops_cross, mainiacjoe_overflow_24_doors,
          nicolae_elyvilon_peaceful_grove, minmay_temple_entry_statues_pillars,
          grunt_ministairs_4, uniq_maggie
D:8:      kennysheep_kobold_camp, layout_rooms, fedhas_altar_3,
          grunt_lair_entry_orc_guard_hut
D:9:      layout_long_grid, orc_0_dummy, uniq_amaemon, uniq_erolcha

Skill      XL: |  1  2  3  4  5  6  7  8  9 10 |
---------------+-------------------------------+-----
Unarmed Combat | 5 6 7 9 10 11 | 11.0
Fighting       | 3 4 5 6 |  6.4
Dodging        | 3 4 5 |  5.4
Stealth        | 1 2 |  2.1
Shields        | 3 5 |  5.0
Axes           | 3 4 |  4.5

Action                   |  1- 3 |  4- 6 |  7- 9 | 10-12 || total
-------------------------+-------+-------+-------+-------++-------
Melee: Unarmed           |    80 |   154 |   260 |   272 ||   766
       Punch             |       |     6 |     4 |       ||    10
Throw: Dart              |       |       |     3 |       ||     3
Evoke: Wand              |       |       |       |     2 ||     2
  Use: Scroll            |       |     9 |     8 |     2 ||    19
       Potion            |       |     5 |     3 |       ||     8
 Stab: Sleeping          |       |     1 |     6 |     2 ||     9
       Betrayed ally     |       |       |     1 |       ||     1
       Distracted        |       |       |       |     1 ||     1
Armor: Animal skin       |    29 |    84 |    40 |       ||   153
       Skin              |       |       |    44 |       ||    44
       Steam dragon scal |       |       |    35 |    98 ||   133
       Robe              |       |       |     9 |       ||     9
Dodge: Dodged            |    48 |   127 |   126 |   139 ||   440
Block: Kite shield       |       |       |    63 |   156 ||   219

Table legend: (Time is in decaauts)
 A = Elapsed time spent in this place.
 B = Non-inter-level travel time spent in this place.
 C = Inter-level travel time spent in this place.
 D = Time resting spent in this place.
 E = Time spent auto-exploring this place.
 F = Levels seen in this place.
 G = Mean time per level.
                   A        B        C        D        E       F      G
               +--------+--------+--------+--------+--------+-----+--------+
         Total |   8186 |   7744 |    442 |     22 |   5360 |  11 |  744.2 |
       Dungeon |   7383 |   6941 |    442 |     22 |   5130 |   9 |  820.3 |
         Abyss |    158 |    158 |      0 |      0 |     54 |   1 |  158.0 |
         Sewer |    645 |    645 |      0 |      0 |    176 |   1 |  645.0 |
               +--------+--------+--------+--------+--------+-----+--------+

Top non-repeatable levels by time:
     D:3: 1313 daAuts
     D:8: 1062 daAuts
     D:5: 964 daAuts
     D:4: 947 daAuts
     D:7: 728 daAuts
     D:6: 658 daAuts
     D:1: 654 daAuts
   Sewer: 645 daAuts
     D:9: 603 daAuts
     D:2: 450 daAuts
 Abyss:2: 158 daAuts
